 Dungeon Crawl Stone Soup version 0.31-a0-702-gf82c85558f (webtiles) character file.

Game seed: 5416995295634910893

363 qw the Shooter (level 6, -15/39 HPs)
             Began as a Gargoyle Hunter on Sept 8, 2023.
             Demolished by an ogre
             ... wielding a +0 giant club
              (21 damage)
             ... on level 5 of the Dungeon.
             The game lasted 00:01:31 (3237 turns).

qw the Shooter (Gargoyle Hunter)                    Turns: 3237, Time: 00:01:31

Health: -15/39     AC: 12    Str: 14    XL:     6   Next: 67%
Magic:  6/6        EV: 10    Int: 10    God:
Gold:   165        SH:  5    Dex: 15    Spells: 5/5 levels left

rFire   . . .        Y - +1 shortbow
rCold   + . .        (shield currently unavailable)
rNeg    + . .        g - +0 ring mail {Will+}
rPois   inf          (no helmet)
rElec   +            (no cloak)
rCorr   .            (no gloves)
SInv    .            f - +2 pair of boots
Will    +....        h - amulet of reflection
Stlth   +            b - ring of protection from cold
HPRegen 0.26/turn    (no ring)
MPRegen 0.10/turn

%: reflection
@: no status effects
A: sickness immunity, AC +4, negative energy resistance 1, electricity
resistance, torment resistance 1, petrification resistance
a: no special abilities


You were on level 5 of the Dungeon.
You visited 1 branch of the dungeon, and saw 5 of its levels.

You collected 237 gold pieces.
You spent 72 gold pieces at shops.


Innate Abilities, Weirdness & Mutations

You are immune to sickness and miasma.
Your stone body is resilient. (AC +4)
You are immune to poison.
You resist negative energy. (rN+)
You are resistant to electric shocks. (rElec)
You are resistant to unholy torment.
You are immune to petrification.


   Skills:
 - Level 4.6 Fighting
 + Level 6.6 Ranged Weapons
 - Level 1.2 Armour
 - Level 1.5 Dodging
 - Level 1.1 Stealth


You had 5 spell levels left.
You didn't know any spells.
Your spell library was empty.

Inventory:

Hand Weapons
 Y - a +1 shortbow (weapon)
Armour
 f - a +2 pair of boots (worn)
 g - a +0 ring mail of willpower (worn)
 j - a +0 helmet
Jewellery
 b - a ring of protection from cold (left hand)
 d - a ring of fire
 h - an amulet of reflection (around neck)
 i - a ring of protection from cold
Scrolls
 e - a scroll of identify
Potions
 a - a potion of curing
 c - 2 potions of mutation

Dungeon Overview and Level Annotations

Branches:
Dungeon (5/15)
 Temple: D:4-7

Altars:
Kikubaaqudgha

Shops:
D:1 (   D:3 !


Message History

You kill the gnoll!
An ogre comes into view. It is wielding a +0 giant club.
You shoot an arrow. The ogre shouts!
The arrow hits the gnoll bouda.
The gnoll bouda is lightly wounded.
You shoot an arrow.
The arrow barely misses the gnoll bouda.
The arrow hits the ogre.
The ogre is lightly wounded.
A scorpion comes into view.
3230 |||
Found retreat position at -3,0 (floor) with 0 blocking monsters and 1 monsters attacking at destination at distance 3
3230 ||| Stepping ~*~*~tactically~*~*~ (retreating).
Your attacks no longer feel as feeble.
You shoot an arrow.
The arrow barely misses the gnoll bouda.
The gnoll bouda hits you with a +0 club!
You shoot an arrow.
The arrow closely misses the gnoll bouda.
You block the gnoll bouda's attack. The gnoll bouda closely misses you.
You shoot an arrow. The arrow hits the gnoll bouda.
The gnoll bouda is moderately wounded.
The gnoll bouda hits you with a +0 club!
You shoot an arrow.
The arrow hits the gnoll bouda but does no damage.
The gnoll bouda is moderately wounded.
The ogre hits you with a +0 giant club! The gnoll bouda barely misses you.
You shoot an arrow. The arrow hits the gnoll bouda.
The gnoll bouda is heavily wounded.
The gnoll bouda hits you but does no damage.
You block the ogre's attack.
You shoot an arrow.
The arrow barely misses the gnoll bouda.
The gnoll bouda barely misses you.
You shoot an arrow.
The arrow hits the gnoll bouda but does no damage.
The gnoll bouda is heavily wounded.
The ogre hits you with a +0 giant club!!
Ouch! That really hurt!
You die...

#.####..#
#..########
#..........
#)..####### #...#
#...# >#######...#
...........#
.########@g#######
.........O......s
#..#####)########
#.)....# #).....#
.......# ......g..
##......#.
.......#


You could see an ogre and a gnoll bouda.

Vanquished Creatures
  A scorpion (D:4)
  A hound (D:4)
  A jelly (D:5)
  An orc wizard (D:3)
  4 gnolls (D:5)
  8 adders
  A white imp (D:5)
  A worm (D:4)
  3 dart slugs
  9 orcs
  5 endoplasms
  A giant cockroach (D:2)
  9 goblins
  5 hobgoblins
  6 jackals
  12 kobolds
  5 quokkas
  3 ball pythons
  5 bats
  3 frilled lizards
  5 rats
89 creatures vanquished.

Notes
Turn   | Place    | Note
-------+----------+-------------------------------------------
     0 | D:1      | qw the Gargoyle Hunter began the quest for the Orb.
     0 | D:1      | Reached XP level 1. HP: 12/12 MP: 1/1
     0 | D:1      | 0 ||| qw: Version: 0.3-a-76-g4403597
     0 | D:1      | 0 ||| qw: Game counter: 1114
     0 | D:1      | 0 ||| qw: Melee chars always use a shield: true
     0 | D:1      | 0 ||| qw: God list: Okawaru
     0 | D:1      | 0 ||| qw: Allow faded altars: false
     0 | D:1      | 0 ||| qw: Do Orc after clearing Dungeon:15 true
     0 | D:1      | 0 ||| qw: Do second Lair branch before Depths: true
     0 | D:1      | 0 ||| qw: Lair rune preference: random
     0 | D:1      | 0 ||| qw: Goals: Normal
     0 | D:1      | 0 ||| PLANNING D:1-11
   107 | D:1      | Reached XP level 2. HP: 17/17 MP: 2/2
   217 | D:1      | Found Vopuv's Weapon Emporium.
   243 | D:1      | 243 ||| SHOPLISTING +5 longbow "Gavuak" {elec, Will+ Str+4
                  | Stlth-} (608 gold, have 45).
   353 | D:1      | Reached XP level 3. HP: 21/21 MP: 3/3
   354 | D:1      | 354 ||| UPGRADING to +2 pair of boots.
   370 | D:1      | Found a faded altar of an unknown god.
   388 | D:1      | Reached skill level 5 in Ranged Weapons
   388 | D:1      | 388 ||| UPGRADING to +0 ring mail.
   398 | D:1      | 398 ||| DROPPING +0 leather armour.
   826 | D:1      | 826 ||| READING scroll labelled WEVVUE GAWYNA.
   827 | D:1      | 827 ||| READING 3 scrolls labelled YPOXYL IRUGRUU.
   828 | D:1      | 828 ||| READING scroll labelled VOELLO NINKOF.
   829 | D:1      | 829 ||| READING 2 scrolls of identify.
   829 | D:1      | 829 ||| IDENTIFYING murky yellow potion
   830 | D:1      | 830 ||| DROPPING scroll of butterflies.
   831 | D:1      | 831 ||| DROPPING potion of invisibility.
   928 | D:2      | Reached skill level 1 in Armour
  1107 | D:2      | Reached XP level 4. HP: 27/27 MP: 4/4
  1114 | D:2      | Reached skill level 3 in Fighting
  1552 | D:2      | 1552 ||| DROPPING +6 ring of intelligence.
  1553 | D:2      | 1553 ||| READING scroll labelled ROCYDD YHEPSI.
  1554 | D:2      | 1554 ||| READING scroll labelled JAOGUI SEFUTAU.
  1555 | D:2      | 1555 ||| DRINKING 2 amethyst potions.
  1556 | D:2      | 1556 ||| READING 2 scrolls of identify.
  1556 | D:2      | 1556 ||| IDENTIFYING silvery potion
  1557 | D:2      | 1557 ||| DROPPING potion of degeneration.
  1558 | D:2      | 1558 ||| DROPPING potion of attraction.
  1666 | D:3      | Found Ucvapsaw's Distillery.
  1673 | D:3      | 1673 ||| BUYING potion of curing (36 gold).
  1673 | D:3      | Bought a potion of curing for 36 gold pieces
  1673 | D:3      | 1673 ||| BUYING potion of curing (36 gold).
  1673 | D:3      | Bought a potion of curing for 36 gold pieces
  1673 | D:3      | 1673 ||| SHOPLISTING potion of haste (120 gold, have 45).
  1673 | D:3      | 1673 ||| SHOPLISTING potion of mutation (96 gold, have 45).
  1743 | D:3      | Found an ancient bone altar of Kikubaaqudgha.
  1821 | D:3      | 1821 ||| RETREATING.
  1825 | D:3      | 1825 ||| Stepping ~*~*~tactically~*~*~ (retreating).
  1826 | D:3      | 1826 ||| Stepping ~*~*~tactically~*~*~ (retreating).
  1827 | D:3      | 1827 ||| Stepping ~*~*~tactically~*~*~ (retreating).
  1828 | D:3      | 1828 ||| Stepping ~*~*~tactically~*~*~ (retreating).
  1829 | D:3      | 1829 ||| Stepping ~*~*~tactically~*~*~ (retreating).
  1830 | D:3      | 1830 ||| Stepping ~*~*~tactically~*~*~ (retreating).
  1862 | D:3      | 1862 ||| DRINKING 2 potions of curing.
  1862 | D:3      | 1862 ||| (to cure confusion)
  1869 | D:3      | Reached XP level 5. HP: 21/32 MP: 5/5
  2167 | D:3      | Reached skill level 6 in Ranged Weapons
  2390 | D:3      | 2390 ||| UPGRADING to +0 ring mail of willpower.
  2400 | D:3      | 2400 ||| DROPPING +0 ring mail.
  2401 | D:3      | 2401 ||| UPGRADING to ring of protection from cold.
  2402 | D:3      | 2402 ||| READING scroll labelled DIEKU OLEATENN.
  2403 | D:3      | 2403 ||| READING scroll labelled MAABRU WOGH.
  2404 | D:3      | 2404 ||| READING 2 scrolls of identify.
  2404 | D:3      | 2404 ||| IDENTIFYING cyan potion
  2405 | D:3      | 2405 ||| DROPPING potion of lignification.
  2466 | D:4      | 2466 ||| STAIRDANCE
  2471 | D:4      | 2471 ||| STAIRDANCE
  2635 | D:4      | Reached XP level 6. HP: 34/39 MP: 6/6
  2965 | D:4      | 2965 ||| UPGRADING to amulet of reflection.
  2970 | D:4      | 2970 ||| DRINKING 2 bubbling coppery potions.
  2971 | D:4      | 2971 ||| READING 2 scrolls of identify.
  2971 | D:4      | 2971 ||| IDENTIFYING viscous green potion
  2972 | D:4      | 2972 ||| DROPPING potion of brilliance.
  3004 | D:5      | Entered Level 5 of the Dungeon
  3191 | D:5      | 3191 ||| Stepping ~*~*~tactically~*~*~ (outnumbered).
  3193 | D:5      | 3193 ||| Stepping ~*~*~tactically~*~*~ (outnumbered).
  3205 | D:5      | 3205 ||| Stepping ~*~*~tactically~*~*~ (outnumbered).
  3216 | D:5      | 3216 ||| Stepping ~*~*~tactically~*~*~ (outnumbered).
  3230 | D:5      | 3230 ||| Stepping ~*~*~tactically~*~*~ (retreating).
  3234 | D:5      | HP: 5/39 [ogre/+0 giant club (13)]
  3237 | D:5      | Demolished by an ogre

Levels and vault maps discovered:
D:1:      lightli_arrival_statue_moat, layout_loops_ring, serial_shops,
          nicolae_shop_tiny_statue_garden, shapermc_ecumenical_altar_notcrosses,
          hangedman_decor_lopped, minmay_tall_x
D:2:      layout_loops_ring, kennysheep_another_room
D:3:      layout_basic, mainiacjoe_overflow_small_starburst, serial_shops, shop,
          hangedman_decor_clover_reticule
D:4:      layout_cave_pools, eino_small_chamber_without_monster
D:5:      layout_basic, nicolae_overflow_crystal_walls,
          nicolae_elyvilon_temple_path, serial_shops, nicolae_shop_stone,
          uniq_ijyb

Skill      XL: |  1  2  3  4  5 |
---------------+----------------+-----
Ranged Weapons | 5 6 |  6.6
Armour         | 1 |  1.2
Fighting       | 3 4 |  4.6
Dodging        | |  1.5
Stealth        | |  1.1

Action                     |  1- 3 |  4- 6 || total
---------------------------+-------+-------++-------
   Fire: Shortbow          |   100 |   257 ||   357
    Use: Scroll            |     4 |     7 ||    11
         Potion            |       |     3 ||     3
 Armour: Leather armour    |    26 |       ||    26
         Ring mail         |    18 |   131 ||   149
  Dodge: Dodged            |    36 |    70 ||   106
  Block: Other             |       |     9 ||     9
         Reflection        |       |     2 ||     2

Table legend:
 A = Non-vault XP
 B = Vault XP
 C = Vault XP percentage of total XP
 D = Non-vault monster count
 E = Vault monster count
 F = Vault count percentage of total count
                 A         B        C        D         E       F
            +---------+---------+-------+---------+---------+-------
      Total |     513 |       6 |   1.2 |      85 |       4 |   4.5
            +---------+---------+-------+---------+---------+-------
        D:1 |      38 |       6 |  13.6 |      21 |       4 |  16.0
        D:2 |      68 |       0 |   0.0 |      14 |       0 |   0.0
        D:3 |     127 |       0 |   0.0 |      28 |       0 |   0.0
        D:4 |     155 |       0 |   0.0 |      14 |       0 |   0.0
        D:5 |     125 |       0 |   0.0 |       8 |       0 |   0.0
            +---------+---------+-------+---------+---------+-------
